 Dungeon Crawl Stone Soup version 0.29.1-15-g9cfb28693d (webtiles) character file.

Game seed: 2113875596577773843

7735 BlackCrag the Thaumaturge (level 11, -2/54 HPs)
             Began as a Deep Elf Fire Elementalist on Mar 6, 2023.
             Was a Priest of Sif Muna.
             Hit by a large rock thrown by a cyclops (23 damage)
             ... on level 1 of the Orcish Mines.
             The game lasted 01:17:39 (13704 turns).

BlackCrag the Thaumaturge (DEFE)                   Turns: 13704, Time: 01:17:40

Health: -2/54      AC:  5    Str:  5    XL:     11   Next: 0%
Magic:  22/29      EV: 14    Int: 25    God:    Sif Muna [***...]
Gold:   540        SH:  0    Dex: 23    Spells: 14/35 levels left

rFire   . . .      SeeInvis +   y - staff of conjuration
rCold   . . .      Faith    .   (no shield)
rNeg    + . .      Spirit   .   a - +0 robe
rPois   .          Reflect  .   (no helmet)
rElec   .          Harm     .   m - +0 cloak
rCorr   +          Rampage  .   E - +0 pair of gloves
Will    +....                   c - +0 pair of boots
Stlth   ++........              (no amulet)
HPRegen 0.18/turn               u - ring "Fereonam" {rN+ Dex+8 SInv Stlth-}
MPRegen 0.21/turn               t - ring of resist corrosion

@: no status effects
A: no striking features
a: Renounce Religion, Channel Magic, Forget Spell


You were on level 1 of the Orcish Mines.
You worshipped Sif Muna.
Sif Muna was most pleased with you.
You visited 3 branches of the dungeon, and saw 12 of its levels.
You also visited: Sewer.

You collected 567 gold pieces.
You spent 27 gold pieces at shops.

Inventory:

Armour
 a - a +0 robe (worn)
 c - a +0 pair of boots (worn)
 m - a +0 cloak (worn)
 E - a +0 pair of gloves (worn)
Magical Staves
 y - a staff of conjuration (weapon)
Jewellery
 s - a ring of positive energy
 t - a ring of resist corrosion (right hand)
 u - the ring "Fereonam" (left hand) {rN+ Dex+8 SInv Stlth-}
   (You took it off a hobgoblin on level 4 of the Dungeon)

   [ring of see invisible]

   Dex:       It affects your dexterity (+8).
   rN:        It protects you from negative energy.
   SInv:      It lets you see invisible.
   Stlth:     It makes you less stealthy.
 G - a +6 ring of dexterity
 I - a ring of fire
Wands
 j - a wand of charming (21)
 k - a wand of roots (10)
 z - a wand of polymorph (7)
Scrolls
 e - 2 scrolls of teleportation
 g - a scroll of poison {unknown}
 i - 2 scrolls of torment {unknown}
 l - 3 scrolls of vulnerability {unknown}
 n - 2 scrolls of fear {unknown}
 w - a scroll of brand weapon {unknown}
 x - a scroll of blinking {unknown}
 A - a scroll of summoning
 C - a scroll of magic mapping {unknown}
 D - a scroll of silence {unknown}
 F - a scroll of amnesia {unknown}
Potions
 b - 3 potions of magic
 d - 3 potions of flight
 f - 6 potions of mutation
 h - 2 potions of resistance
 o - 3 potions of heal wounds
 p - a potion of berserk rage {unknown}
 q - 2 potions of haste
 r - 3 potions of curing {unknown}
 v - 4 potions of brilliance
 B - a potion of might
 J - a potion of ambrosia {unknown}
 K - a potion of cancellation {unknown}


   Skills:
 + Level 0.2 Fighting
 + Level 3.1 Dodging
 + Level 4.2 Stealth
 + Level 12.8 Spellcasting
 * Level 6.7 Conjurations
 + Level 2.2 Hexes
 * Level 12.5 Fire Magic
 * Level 4.3 Air Magic
 + Level 0.5 Invocations
 + Level 0.3 Evocations


You had 14 spell levels left.
You knew the following spells:

 Your Spells              Type           Power      Damage    Failure   Level
a - Foxfire               Conj/Fire      100%       2x1d9     1%          1
b - Scorch                Fire           100%       2d10      1%          2
c - Conjure Flame         Conj/Fire      77%        6-21      1%          3
d - Inner Flame           Hex/Fire       52%        N/A       1%          3
e - Flame Wave            Conj/Fire      77%        2d17      1%          4
f - Shock                 Conj/Air       100%       1d9       1%          1
g - Swiftness             Air            37%        N/A       1%          3
h - Airstrike             Air            18%        2d(3-19)  6%          4

Your spell library contained the following spells:

 Spells                   Type           Power      Damage    Failure   Level
 Ensorcelled Hibernation  Hex/Ice        42%        N/A       3%          2
 Spider Form              Tmut/Pois      16%        N/A       11%         3
 Anguish                  Hex/Necr       10%        N/A       24%         4


Dungeon Overview and Level Annotations

Branches:
Dungeon (10/15)            Temple (1/1) D:4            Lair (0/5) D:9
    Orc (1/2) D:10          Sewer (visited)

Altars:
Ashenzari
Cheibriados
Dithmenos
Elyvilon
Fedhas
Gozag
Hepliaklqana
Kikubaaqudgha
Makhleb
Nemelex Xobeh
Okawaru
Qazlal
Ru
Sif Muna
Trog
Uskayaw
Vehumet
Wu Jian
Xom
Yredelemnul
Zin
The Shining One

Shops:
D:3 *


Message History

HP restored.
There is a staircase to the Orcish Mines, spattered with blood here.
You climb downwards.
Welcome back to the Orcish Mines!
The ogre hits you with a +0 giant spiked club!!
Ouch! That really hurt!
There is a staircase back to the Dungeon, spattered with blood here.
Casting: Scorch (safe; 1% risk of failure)
Confirm with . or Enter, or press ? or * to list all spells.
Flames lash the ogre.
The ogre is moderately wounded.
The ogre's fire resistance burns away.
The ogre hits you with a +0 giant spiked club!
* * * LOW HITPOINT WARNING * * *
You feel much better.
Casting: Scorch (safe; 1% risk of failure)
Confirm with . or Enter, or press ? or * to list all spells.
Flames lash the ogre.
The ogre is burned terribly!
The ogre is severely wounded.
The ogre hits you with a +0 giant spiked club!
Casting: Scorch (safe; 1% risk of failure)
Confirm with . or Enter, or press ? or * to list all spells.
Flames lash the ogre.
The ogre is burned terribly!
You kill the ogre!
Sif Muna accepts your kill.
You have reached level 11!
You start resting.
A cyclops comes into view.
Casting: Scorch (safe; 1% risk of failure)
Confirm with . or Enter, or press ? or * to list all spells.
Okay, then.
Casting: Scorch (safe; 1% risk of failure)
Confirm with . or Enter, or press ? or * to list all spells.
Aiming: Airstrike (dangerous; 6% risk of failure)
Press: ? - help, Dir - move target, f - cyclops
Aim: a cyclops, quivering large rocks (wandering, hasn't noticed you, empty space bonus: 5/8)
The air twists around and strikes the cyclops!
The cyclops shouts!
The cyclops is moderately wounded.
The cyclops throws a large rock.
The large rock hits you!!
You die...

## #####
.##.###...####
.....#.....#.##
..............#
.^.....$.......
..............#
......)......##
C......@......#
..............#
....>.........#
...............
..............#
........#....##
..#...###...##
.#.... ..##


You could see a cyclops.

Vanquished Creatures
  A two-headed ogre (D:10)
  Pikel (D:6)
  An elephant (D:9)
  2 trolls (D:10)
  2 polar bears (D:10)
  Grinder (D:3)
  A hornet (D:10)
  Prince Ribbit (D:8)
  3 centaur simulacra (D:10)
  A shadow (D:10)
  2 wyverns
  A vampire (D:8)
  A basilisk (D:9)
  2 steam dragons
  3 water moccasins
  Duvessa (D:6)
  An ice beast (D:10)
  An orc warrior (D:9)
  A sky beast (D:7)
  2 black bears (D:6)
  An ogre (Orc:1)
  A wolf (D:10)
  A centaur (D:9)
  3 kobold brigands
  Blork the orc (D:5)
  3 scorpions
  A necrophage (D:6)
  8 wights
  Dowan (D:6)
  7 electric eels (D:10)
  2 quasits (Sewer)
  2 hounds
  2 jellies
  A gnoll bouda (D:8)
  10 orc priests
  Crazy Yiuf (D:2)
  Terence (D:2)
  7 iguanas
  6 orc wizards
  11 adders
  5 gnolls (D:8)
  A river rat (D:5)
  3 shadow imps
  A white imp (D:5)
  4 ufetubi
  A worm (D:4)
  3 dart slugs
  33 orcs
  10 endoplasms
  9 giant cockroaches
  11 goblins
  7 hobgoblins
  3 jackals (D:3)
  30 kobolds
  4 quokkas
  8 ball pythons
  11 bats
  4 frilled lizards
  A kobold zombie (Sewer)
  3 rats (D:2)
251 creatures vanquished.

Vanquished Creatures (others)
  A kobold zombie (Sewer)
  330 foxfires
331 creatures vanquished.

Grand Total: 582 creatures vanquished

Notes
Turn   | Place    | Note
-------+----------+-------------------------------------------
     0 | D:1      | BlackCrag the Deep Elf Fire Elementalist began the quest
                  | for the Orb.
     0 | D:1      | Reached XP level 1. HP: 10/10 MP: 6/6
    95 | D:1      | Reached XP level 2. HP: 14/15 MP: 2/8
    98 | D:1      | Learned a level 2 spell: Scorch
   229 | D:1      | Found a faded altar of an unknown god.
   550 | D:1      | Reached XP level 3. HP: 19/19 MP: 7/9
   554 | D:1      | Learned a level 3 spell: Conjure Flame
  1467 | D:2      | Noticed Terence
  1476 | D:2      | Killed Terence
  1477 | D:2      | Reached XP level 4. HP: 24/24 MP: 2/12
  1481 | D:2      | Learned a level 3 spell: Inner Flame
  1616 | D:2      | Found a white marble altar of Elyvilon.
  1797 | D:2      | Found a runed translucent door.
  1798 | D:2      | Noticed Crazy Yiuf
  1803 | D:2      | Killed Crazy Yiuf
  1947 | D:3      | Noticed Grinder
  1967 | D:3      | Paralysed by Grinder for 4 turns
  1973 | D:3      | Killed Grinder
  1974 | D:3      | Reached skill level 5 in Spellcasting
  1974 | D:3      | Reached skill level 5 in Fire Magic
  1974 | D:3      | Reached XP level 5. HP: 10/28 MP: 1/15
  1974 | D:3      | Reached XP level 6. HP: 12/32 MP: 1/16
  2295 | D:3      | Found an iron altar of Okawaru.
  3045 | D:3      | Found Jafat's Assorted Antiques.
  3048 | D:3      | Bought a fizzy red potion for 27 gold pieces
  3329 | D:3      | Learned a level 4 spell: Flame Wave
  3368 | D:4      | Found a glowing golden altar of the Shining One.
  3375 | D:4      | Found a shimmering blue altar of Sif Muna.
  3548 | D:4      | Became a worshipper of Sif Muna the Loreminder
  3716 | D:4      | Reached XP level 7. HP: 36/36 MP: 11/18
  3719 | D:4      | Identified the ring "Fereonam" {rN+ Dex+8 SInv Stlth-}
  4448 | D:4      | Learned a level 1 spell: Shock
  4496 | D:4      | Found a staircase to the Ecumenical Temple.
  4502 | Temple   | Entered the Ecumenical Temple
  4772 | D:5      | Entered Level 5 of the Dungeon
  4832 | D:5      | Found a glowing drain.
  4836 | Sewer    | Entered a sewer
  4894 | Sewer    | Reached * piety under Sif Muna
  5025 | Sewer    | Found a burning altar of Makhleb.
  5509 | D:5      | Noticed Blork the orc
  5512 | D:5      | Killed Blork the orc
  5656 | D:5      | Found a sacrificial altar of Ru.
  5988 | D:5      | Reached XP level 8. HP: 41/41 MP: 14/21
  6809 | D:6      | Noticed Pikel
  6819 | D:6      | Killed Pikel
  6877 | D:6      | Found a broken altar of Ashenzari.
  7202 | D:6      | Reached XP level 9. HP: 29/45 MP: 14/24
  7206 | D:6      | Learned a level 3 spell: Swiftness
  7566 | D:6      | Reached skill level 1 in Hexes
  7567 | D:6      | Reached skill level 10 in Spellcasting
  7701 | D:6      | Noticed Dowan
  7736 | D:6      | Noticed Duvessa
  7743 | D:6      | Killed Duvessa
  7755 | D:6      | Killed Dowan
  8383 | D:7      | Found a shadowy altar of Dithmenos.
  8591 | D:7      | Reached skill level 1 in Air Magic
  8667 | D:7      | Reached ** piety under Sif Muna
  8714 | D:7      | Reached skill level 10 in Fire Magic
  9282 | D:8      | Reached skill level 5 in Conjurations
  9386 | D:8      | Learned a level 4 spell: Airstrike
  9418 | D:8      | Noticed Prince Ribbit
  9430 | D:8      | Killed Prince Ribbit
  9523 | D:8      | Found an ornate altar of the Wu Jian Council.
  9908 | D:9      | Reached XP level 10. HP: 32/50 MP: 20/27
 10874 | D:9      | Noticed an elephant
 11052 | D:9      | Found a staircase to the Lair.
 11068 | D:9      | Killed an elephant
 11494 | D:10     | Entered Level 10 of the Dungeon
 11929 | D:10     | Found a sparkling altar of Nemelex Xobeh.
 12459 | D:10     | Reached *** piety under Sif Muna
 13219 | D:10     | Noticed a two-headed ogre
 13227 | D:10     | Killed a two-headed ogre
 13431 | D:10     | Found a staircase to the Orcish Mines.
 13445 | Orc:1    | Entered Level 1 of the Orcish Mines
 13686 | Orc:1    | Reached XP level 11. HP: 17/54 MP: 22/29
 13704 | Orc:1    | Hit by a large rock thrown by a cyclops

Illustrated notes

Levels and vault maps discovered:
D:1:      psy_arrival_spokes, layout_basic, shapermc_ecumenical_altar_venn
D:2:      layout_loops_cross, basic_altar, uniq_crazy_yiuf_cottage, uniq_terence
D:3:      layout_basic, old_standard_altar, serial_shops,
          nicolae_shop_behind_doors, uniq_grinder
D:4:      minmay_razor_zed, layout_cave_pools,
          mainiacjoe_overflow_large_starburst, minmay_temple_entry_fiery,
          solitary_fountain, serial_bayou_ford_a
D:5:      layout_gridville, hangedman_ru_absence, gup_sewer_entry_bowl,
          uniq_blork_the_orc
D:6:      layout_basic, mainiacjoe_overflow_boulevard, uniq_pikel, uniq_duvessa
D:7:      layout_cave_pods, grunt_dithmenos_shadows
D:8:      layout_cave_pools, nicolae_wu_jian_wuxing_cycle,
          minmay_misc_feat_pillars, uniq_prince_ribbit1
D:9:      layout_basic, david_lair_generic
D:10:     layout_basic, nemelex_diamond_rough_becter, orc_0_dummy, serial_ice,
          serial_ice_a, serial_ice_g, serial_ice_o, serial_ice_f
Temple:   minmay_temple_curvy_branch
Orc:1:    layout_caves, serial_shops, nicolae_shop_crystal

Skill      XL: |  1  2  3  4  5  6  7  8  9 10 |
---------------+-------------------------------+-----
Fire Magic     | 4 5 6 7 9 10 12 | 12.5
Spellcasting   | 4 5 6 7 9 11 12 | 12.8
Conjurations   | 2 3 4 5 6 |  6.7
Stealth        | 3 4 |  4.2
Hexes          | 2 |  2.2
Air Magic      | 2 4 |  4.3
Dodging        | 3 |  3.1
Fighting       | |  0.2
Invocations    | |  0.5
Evocations     | |  0.3

Action                   |  1- 3 |  4- 6 |  7- 9 | 10-12 || total
-------------------------+-------+-------+-------+-------++-------
Melee: Quarterstaff      |       |       |     2 |       ||     2
 Cast: Foxfire           |    47 |    32 |   107 |    28 ||   214
       Scorch            |    16 |    34 |    96 |    47 ||   193
       Conjure Flame     |       |     3 |     1 |     4 ||     8
       Inner Flame       |       |     2 |     9 |     7 ||    18
       Shock             |       |       |    79 |    25 ||   104
       Airstrike         |       |       |       |     4 ||     4
       Swiftness         |       |       |       |     1 ||     1
       Flame Wave        |       |       |       |     1 ||     1
Invok: Channel Magic     |       |       |     3 |       ||     3
Evoke: Wand              |       |       |       |     6 ||     6
  Use: Scroll            |       |       |    11 |     1 ||    12
       Potion            |       |       |     1 |     2 ||     3
Armor: Robe              |     5 |     1 |     7 |     7 ||    20
Dodge: Dodged            |    14 |     5 |    29 |    16 ||    64
